Cogmind - Beta 11.1 @@@ ROGUE MODE // 2022.09.19 @ 10:32:54 Player: Flerik Result: Destroyed by S-43 Plague with Heavy Machine Gun Performance ------------- Evolutions (6) 3000 Regions Visited (16) 3200 Robots Destroyed (45) 225 Value Destroyed (1167) 1167 Prototype IDs (14) 280 Alien Tech Used (2) 400 Bonus (508) 508 TOTAL SCORE: 8780 Bonus ------- Follower Combat Kills 208 Met Zhirov 300 Cogmind --------- Core Integrity 0/1150 Matter 101/300 Energy 98/100 System Corruption 8% Temperature Cool (0) Movement Core (50) Location -3/Proximity Caves Parts ------- > --- POWER (1) -------- (None) > --- PROPULSION (6) --- (None) > --- UTILITY (10) ----- Signal Interpreter Improved Signal Interpreter Advanced Terrain Scan Processor Advanced Terrain Scan Processor Core Analyzer Advanced System Shield > --- WEAPON (2) ------- (None) > --- INVENTORY (5) ---- Improved Fusion Compressor Improved Transmission Jammer Authchip [Propulsion] Chainsword Phasing Sabre Peak State ------------ > --- POWER ------------ Fusion Compressor > --- PROPULSION ------- VTOL Module Xenon Bombardment Thruster Field Propulsion Drive Field Propulsion Drive Impulse Thruster > --- UTILITY ---------- Advanced Power Amplifier Advanced Sensor Array Signal Interpreter Advanced Terrain Scan Processor Advanced Terrain Scan Processor Advanced Melee Analysis Suite Core Analyzer Improved Transmission Jammer System Shield System Shield > --- WEAPON ----------- Improved Lightning Gun Power Maul > --- INVENTORY -------- Improved Fusion Compressor Improved Transmission Jammer Authchip [Propulsion] Chainsword [Rating: 84] Favorites ----------- Power Light Nuclear Core Engine Improved Ion Engine Power Core Light Nuclear Core Propulsion VTOL Module Leg Aluminum Leg Wheel Wheel Flight Unit VTOL Module Utility Advanced Terrain Scan Processor Device Improved Terrain Scanner Storage Small Storage Unit Processor Advanced Terrain Scan Processor Hackware System Shield Protection Experimental Core Shielding Weapon Medium Laser Energy Gun Medium Laser Ballistic Gun Autogun Launcher Rocket Launcher Special Weapon Plasma Cutter Impact Weapon Power Maul Slashing Weapon Power Sword Special Melee Weapon Datajack Build | -11 -10 -10 -9 -9 -8 -7 -6 -6 -5 -4 -4 -4 -4 -4 -4 -3 ------- Run | Scr Mat Min Mat Min Mat Fac Fac Ext Fac Fac Was Fac Upp Upp Zhi Pro Slots Evolved 12 | . . . 2 . 2 2 2 . 2 2 . . . . . . Power . | . . . . . . . . . . . . . . . . . Propulsion 4 | . . . 2 . . . 1 . 1 . . . . . . . Utility 8 | . . . . . 2 2 1 . 1 2 . . . . . . Weapon . | . . . . . . . . . . . . . . . . . Parts Attached 100 | 8 . . 3 2 12 11 11 17 21 4 . 2 1 5 2 1 Power 8 | 1 . . 1 . 1 . 1 1 2 . . 1 . . . . Engine 4 | 1 . . . . . . 1 1 1 . . . . . . . Core 4 | . . . 1 . 1 . . . 1 . . 1 . . . . Reactor . | . . . . . . . . . . . . . . . . . Propulsion 43 | 2 . . 2 2 6 5 5 10 10 . . 1 . . . . Treads . | . . . . . . . . . . . . . . . . . Leg 9 | 2 . . 2 . 5 . . . . . . . . . . . Wheel 2 | . . . . . . 1 . 1 . . . . . . . . Hover . | . . . . . . . . . . . . . . . . . Flight 32 | . . . . 2 1 4 5 9 10 . . 1 . . . . Utility 23 | 2 . . . . 2 4 3 1 5 2 . . 1 1 2 . Device 9 | 1 . . . . . 1 1 1 2 2 . . 1 . . . Storage 2 | 1 . . . . . 1 . . . . . . . . . . Processor 8 | . . . . . 2 1 2 . 2 . . . . 1 . . Hackware 3 | . . . . . . 1 . . 1 . . . . . 1 . Protection 1 | . . . . . . . . . . . . . . . 1 . Artifact . | . . . . . . . . . . . . . . . . . Weapon 26 | 3 . . . . 3 2 2 5 4 2 . . . 4 . 1 Energy Gun 9 | 3 . . . . 1 1 1 . . 1 . . . 2 . . Energy Cannon . | . . . . . . . . . . . . . . . . . Ballistic Gun 1 | . . . . . . . . 1 . . . . . . . . Ballistic Cannon . | . . . . . . . . . . . . . . . . . Launcher 6 | . . . . . 2 1 . 1 2 . . . . . . . Special Weapon 2 | . . . . . . . 1 . 1 . . . . . . . Impact Weapon 2 | . . . . . . . . 1 . 1 . . . . . . Slashing Weapon 5 | . . . . . . . . 1 1 . . . . 2 . 1 Piercing Weapon . | . . . . . . . . . . . . . . . . . Special Melee Weapon 1 | . . . . . . . . 1 . . . . . . . . Unidentified Prototypes 5 | . . . . . . . . . 1 1 . . . . 3 . Corrupted Parts 2 | . . . . . . . . 1 1 . . . . . . . System Corruption 7 | . . . . . . . . 1 6 . . . . . . . Parts Lost 52 | . . . . . 2 3 4 17 12 . . 3 . 8 . 3 Power 6 | . . . . . 1 . 1 1 1 . . 1 . 1 . . Propulsion 26 | . . . . . . 2 1 12 6 . . 1 . 4 . . Utility 9 | . . . . . . . . 1 2 . . 1 . 2 . 3 Weapon 11 | . . . . . 1 1 2 3 3 . . . . 1 . . Highest Loss Streak 7 | . . . . . 2 3 4 5 7 . . 3 . 2 . 3 To Critical Strikes 1 | . . . . . . . . . . . . . . 1 . . Average Slot Usage (%) 80 | . 100 100 92 100 94 87 89 93 67 77 89 89 87 55 39 42 Engine 2 | . 14 14 4 . . . 2 5 2 . . . . . . . Core 3 | . . . 6 11 7 7 2 . . 5 5 5 5 4 . . Leg 7 | . 28 28 36 37 16 4 . . . . . . . . . . Flight 16 | . . . . 6 19 21 30 30 19 21 21 22 21 5 . . Device 7 | . 14 14 11 11 9 7 6 5 3 10 15 14 13 7 . . Storage 4 | . 14 14 11 11 9 7 6 5 . . . . . . . . Processor 21 | . . . . . 15 19 25 26 29 26 26 26 26 26 31 28 Hackware 5 | . . . . . . 6 6 6 5 10 10 10 10 9 6 8 Energy Gun 5 | . 28 28 22 22 10 6 2 . . . 5 5 5 . . . Naked Turns . | . . . . . . . . . . . . . . . . . Heaviest Build 23 | 13 13 13 15 15 17 16 14 20 14 23 23 23 22 22 1 5 Greatest Support 40 | 20 20 20 40 40 28 17 21 21 38 24 24 31 24 24 3 3 Greatest Overweight (x) 4 | 3 . . . . 1 3 . 4 3 . . . . 3 . 1 Average Overweight (x) . | . . . . . . . . . . . . . . . . . Largest Inventory Capacity 8 | 8 8 8 8 8 8 8 8 8 5 5 5 5 5 5 5 5 Average Capacity 6 | 7 8 8 8 8 8 8 8 7 5 5 5 5 5 5 5 5 Most Carried 8 | 3 5 8 8 8 8 8 8 8 5 5 5 5 4 5 5 5 Average Carried 5 | 1 4 6 7 8 6 6 7 7 4 4 5 4 4 4 5 4 Final Capacity 8 | 8 8 8 8 8 8 8 8 5 5 5 5 5 5 5 5 5 Final Carried 8 | 3 5 8 8 8 7 8 8 4 4 5 5 4 4 5 5 5 Class Distribution -------------------- 26% | Mutant 24% | Scavenger-Sprinter 17% | Scavenger-Mutant 9% | Sprinter 9% | Hacker-Mutant 9% | Hacker-Sprinter 3% | Hacker-Scout Dominant Class ---------------- Mutant | -10/Materials Mutant | -10/Mines Scavenger-Mutant | -9/Materials Scavenger-Mutant | -9/Mines Scavenger-Mutant | -8/Materials Mutant | -7/Factory Scavenger-Sprinter | -6/Factory Scavenger-Sprinter | -6/Extension Sprinter | -5/Factory Hacker-Sprinter | -4/Factory Hacker-Sprinter | -4/Waste Hacker-Sprinter | -4/Factory Hacker-Scout | -4/Upper Caves Hacker-Mutant | -4/Upper Caves Mutant | -4/Zhirov Hacker-Mutant | -3/Proximity Caves Resources | -11 -10 -10 -9 -9 -8 -7 -6 -6 -5 -4 -4 -4 -4 -4 -4 -3 ----------- Run | Scr Mat Min Mat Min Mat Fac Fac Ext Fac Fac Was Fac Upp Upp Zhi Pro Matter Collected 1258 | 280 . . 30 20 62 80 85 320 83 . . 25 . 244 . 29 Remotely . | . . . . . . . . . . . . . . . . . Salvage Created 1338 | 114 30 . 239 63 200 112 85 286 114 . . 25 . 30 . 40 Parts 56 | 7 1 . 6 6 4 7 6 13 4 . . . . 1 . 1 Haulers Intercepted . | . . . . . . . . . . . . . . . . . Recyclers Shooed 3 | 1 . . . . . . . 2 . . . . . . . . Parts Field Recycled . | . . . . . . . . . . . . . . . . . Retrieved Matter . | . . . . . . . . . . . . . . . . . Parts Self-Destructed 4 | . . . . . . . . . . . . . . 3 . 1 Prevented . | . . . . . . . . . . . . . . . . . Kills | -11 -10 -10 -9 -9 -8 -7 -6 -6 -5 -4 -4 -4 -4 -4 -4 -3 ------- Run | Scr Mat Min Mat Min Mat Fac Fac Ext Fac Fac Was Fac Upp Upp Zhi Pro Combat Hostiles Destroyed 32 | . 1 . 2 4 6 3 3 7 4 . . . . 1 . 1 Melee 6 | . . . . . . . . 3 1 . . . . 1 . 1 Guns 9 | . 1 . 1 3 1 1 2 . . . . . . . . . Cannons 1 | . . . . . . . 1 . . . . . . . . . AOE 13 | . . . . . 5 2 . 3 3 . . . . . . . Classes Destroyed 9 | 3 1 . 1 1 . . . 3 . . . . . . . . Worker 4 | 1 . . . . . . . 2 . . . 1 . . . . Builder 1 | . . . . . . . . 1 . . . . . . . . Tunneler 3 | 2 . . . . . . . 1 . . . . . . . . Recycler 4 | 1 . . 2 . . 1 . . . . . . . . . . Operator 1 | . . . . . . . . 1 . . . . . . . . Swarmer 20 | . . . . 4 . 3 3 4 4 . . . . 1 . 1 Grunt 9 | . 1 . 1 . 6 . . 1 . . . . . . . . Duelist 1 | . . . 1 . . . . . . . . . . . . . Sentry 2 | . . . . . . . . 2 . . . . . . . . Best Kill Streak 6 | 4 1 . 4 4 4 3 2 6 2 . . 1 . 1 . 1 Combat Bots Only 4 | . 1 . 2 4 4 3 2 3 2 . . . . 1 . 1 Max Kills in Single Turn 3 | 2 1 . 1 1 1 2 1 3 2 . . 1 . 1 . 1 Gunslinging . | . . . . . . . . . . . . . . . . . Exploded 2 | . . . . . 1 2 . 2 2 . . . . . . . Melee 1 | . . . . . . . . 1 1 . . . . 1 . 1 Uniques/NPCs Destroyed . | . . . . . . . . . . . . . . . . . Combat | -11 -10 -10 -9 -9 -8 -7 -6 -6 -5 -4 -4 -4 -4 -4 -4 -3 -------- Run | Scr Mat Min Mat Min Mat Fac Fac Ext Fac Fac Was Fac Upp Upp Zhi Pro Damage Taken 5583 | . 77 . 114 130 436 226 258 1256 1114 . . 374 43 710 . 845 Core 2336 | . 41 . 29 20 67 61 45 429 516 . . 81 18 441 . 588 Absorbed by Shields 22 | . . . . . . . . 22 . . . . . . . . Redirected to Shielding 155 | . . . . . . . . . . . . . . . . 155 Regen/Repaired (Parts) 34 | . . . . . . . 34 . . . . . . . . . Core Remaining (%) 77 | 100 . 83 . 87 87 91 . 44 48 . . . . . . . Volleys Fired 99 | 6 6 . 7 15 18 17 19 6 4 . . . . 1 . . Largest 2 | 2 2 . 2 2 2 2 2 1 1 . . . . 1 . . Hottest 100 | 100 100 . 100 100 83 73 95 33 39 . . . . 60 . . Shots Fired 143 | 12 12 . 14 26 23 18 27 6 4 . . . . 1 . . Gun 119 | 12 12 . 14 26 15 15 23 1 . . . . . 1 . . Cannon . | . . . . . . . . . . . . . . . . . Launcher 16 | . . . . . 8 3 . 3 2 . . . . . . . Special 8 | . . . . . . . 4 2 2 . . . . . . . Kinetic 1 | . . . . . . . . 1 . . . . . . . . Thermal 117 | 12 12 . 14 26 15 15 19 2 2 . . . . . . . Explosive 14 | . . . . . 8 3 . 3 . . . . . . . . Electromagnetic 11 | . . . . . . . 8 . 2 . . . . 1 . . Robot Hit Streak 8 | 3 6 . 4 4 6 8 4 2 1 . . . . . . . Robot Miss Streak 5 | 1 5 . 2 5 4 1 3 3 2 . . . . 1 . . Penetration Max . | . . . . . . . . . . . . . . . . . Secondary Targets . | . . . . . . . . . . . . . . . . . Shots Hit Robots 117 | 8 6 . 9 14 15 12 14 26 7 . . 1 . 3 . 2 Core Hits 67 | 5 3 . 6 3 14 7 7 14 6 . . . . 1 . 1 Critical Kills . | . . . . . . . . . . . . . . . . . Critical Parts Destroyed 1 | . . . . . . . . 1 . . . . . . . . Critical Strikes 11 | . 2 . 1 2 1 . . 3 1 . . . . . . 1 Burn 6 | . 2 . 1 2 1 . . . . . . . . . . . Smash 1 | . . . . . . . . 1 . . . . . . . . Sever 4 | . . . . . . . . 2 1 . . . . . . 1 Melee Attacks 43 | . . . . . . . . 30 6 . . 1 . 3 . 3 Impact 10 | . . . . . . . . 9 . . . 1 . . . . Slashing 21 | . . . . . . . . 9 6 . . . . 3 . 3 Piercing . | . . . . . . . . . . . . . . . . . Sneak Attacks 17 | . . . . . . . . 15 1 . . 1 . . . . Combat Hostiles 1 | . . . . . . . . 1 . . . . . . . . Follow-up Attacks . | . . . . . . . . . . . . . . . . . Damage Inflicted 3640 | 127 88 . 124 176 707 300 178 1157 426 . . 130 . 132 . 95 Guns 873 | 127 88 . 124 176 100 125 133 . . . . . . . . . Cannons . | . . . . . . . . . . . . . . . . . Explosions 1420 | . . . . . 607 175 . 477 161 . . . . . . . Melee 1285 | . . . . . . . . 680 249 . . 129 . 132 . 95 Ramming 1 | . . . . . . . . . . . . 1 . . . . Kinetic . | . . . . . . . . . . . . . . . . . Thermal 869 | 127 88 . 124 176 100 125 113 . 16 . . . . . . . Explosive 1259 | . . . . . 607 175 . 477 . . . . . . . . Electromagnetic 226 | . . . . . . . 65 . 161 . . . . . . . Impact 535 | . . . . . . . . 406 . . . 129 . . . . Slashing 750 | . . . . . . . . 274 249 . . . . 132 . 95 Piercing . | . . . . . . . . . . . . . . . . . Highest Corruption 9 | . . . . . . . . 1 9 . 8 8 8 8 8 8 Average Corruption 7 | . . . . . . . . 1 7 . 8 8 8 8 8 8 Corruption Purged . | . . . . . . . . . . . . . . . . . Corruption Blocked . | . . . . . . . . . . . . . . . . . Effects 39 | . . . . . . . . . 13 . 1 3 2 10 3 7 Message Errors 7 | . . . . . . . . . 3 . . . 1 1 . 2 Matter Fused 11 | . . . . . . . . . 2 . 1 . 1 5 1 1 Heat Flow Errors 5 | . . . . . . . . . 1 . . . . 2 1 1 Energy Discharges 6 | . . . . . . . . . 2 . . 1 . 1 . 2 Parts Rejected 1 | . . . . . . . . . . . . . . 1 . . Data Loss (minor) 5 | . . . . . . . . . 3 . . 1 . . . 1 Data Loss (major) 4 | . . . . . . . . . 2 . . 1 . . 1 . Overload Shots . | . . . . . . . . . . . . . . . . . Overflow Damage 362 | . . . . . 4 . . 226 . . . 89 . 43 . . Projectiles . | . . . . . . . . . . . . . . . . . Explosions 42 | . . . . . 4 . . 38 . . . . . . . . Melee 320 | . . . . . . . . 188 . . . 89 . 43 . . Knockbacks 3 | . . . . . . . . 3 . . . . . . . . Impact 2 | . . . . . . . . 2 . . . . . . . . Kinetic . | . . . . . . . . . . . . . . . . . Secondary 1 | . . . . . . . . 1 . . . . . . . . Self-Inflicted Damage 33 | . . . . . . 31 . . 2 . . . . . . . Shots 2 | . . . . . . 1 . . 1 . . . . . . . Rammed 1 | . . . . . . . . . . . . 1 . . . . Targets Rammed 2 | . . . . 1 . . . . . . . 1 . . . . Kicked 1 | . . . . 1 . . . . . . . . . . . . Crushed . | . . . . . . . . . . . . . . . . . Highest Temperature 356 | 117 237 . 174 356 49 . 120 21 122 . . 13 4 156 58 207 Average Temperature 78 | 60 138 . 73 163 23 . 60 8 16 . . 3 4 53 58 112 Received Heat Transfer 1146 | . 42 . 42 . 207 . . 387 270 . . 84 18 48 . 48 Effects 2 | . . . . 2 . . . . . . . . . . . . Shutdowns 1 | . . . . 1 . . . . . . . . . . . . Interference 1 | . . . . 1 . . . . . . . . . . . . Siege Activations . | . . . . . . . . . . . . . . . . . Robots Corrupted . | . . . . . . . . . . . . . . . . . Combat Hostiles . | . . . . . . . . . . . . . . . . . Parts Fried 7 | . . . . . . . . 7 . . . . . . . . Impact Corruptions 8 | . . . . . . . . 6 . . . 2 . . . . Robots Melted 2 | . . . 1 1 . . . . . . . . . . . . Combat Hostiles 2 | . . . 1 1 . . . . . . . . . . . . Parts Melted 3 | . 1 . 1 1 . . . . . . . . . . . . Heat Transferred 2867 | 370 407 . 444 666 370 275 298 . 37 . . . . . . . Parts Sabotaged . | . . . . . . . . . . . . . . . . . Parts Stolen . | . . . . . . . . . . . . . . . . . Parts Stripped . | . . . . . . . . . . . . . . . . . Power Chain Reactions . | . . . . . . . . . . . . . . . . . Missiles Intercepted . | . . . . . . . . . . . . . . . . . Alert | -11 -10 -10 -9 -9 -8 -7 -6 -6 -5 -4 -4 -4 -4 -4 -4 -3 ------- Run | Scr Mat Min Mat Min Mat Fac Fac Ext Fac Fac Was Fac Upp Upp Zhi Pro Peak Influence 498 | 20 58 22 98 142 341 211 192 443 498 177 76 276 . . . . Initial 177 | . 13 22 8 43 55 154 102 9 158 177 61 53 . . . . Average 173 | 4 21 22 63 75 208 179 130 244 309 177 63 142 . . . . Maximum Alert Level 2 | . . . . . 1 1 . 2 2 . . 1 . . . . Low Security (%) 64 | 100 100 100 100 100 32 56 100 27 31 100 100 93 . . . . Level 1 28 | . . . . . 67 43 . 70 33 . . 6 . . . . Level 2 6 | . . . . . . . . 2 35 . . . . . . . Level 3 . | . . . . . . . . . . . . . . . . . Level 4 . | . . . . . . . . . . . . . . . . . Level 5 . | . . . . . . . . . . . . . . . . . High Security . | . . . . . . . . . . . . . . . . . Max Security . | . . . . . . . . . . . . . . . . . Squads Dispatched 11 | . 1 . . . 1 1 . 4 4 . . . . . . . Investigation 2 | . . . . . . . . 2 . . . . . . . . Extermination 2 | . . . . . . . . . 2 . . . . . . . Reinforcement 7 | . 1 . . . 1 1 . 2 2 . . . . . . . Assault . | . . . . . . . . . . . . . . . . . Garrison . | . . . . . . . . . . . . . . . . . Intercept . | . . . . . . . . . . . . . . . . . Searches Triggered 2 | . . . . . . . . . 2 . . . . . . . Construction Impeded 1 | . . . . . . . . 1 . . . . . . . . Haulers Reinforced 1 | . . . . . . 1 . . . . . . . . . . Active Scanning Responses . | . . . . . . . . . . . . . . . . . Cargo Convoy Interrupts . | . . . . . . . . . . . . . . . . . Stealth | -11 -10 -10 -9 -9 -8 -7 -6 -6 -5 -4 -4 -4 -4 -4 -4 -3 --------- Run | Scr Mat Min Mat Min Mat Fac Fac Ext Fac Fac Was Fac Upp Upp Zhi Pro Distress Signals 6 | . 1 . 1 . . . 1 2 . 1 . . . . . . Communications Jammed 2 | . . . . . . . . . . . . 2 . . . . Distress Signals 2 | . . . . . . . . . . . . 2 . . . . Times Spotted 196 | . 6 . 11 4 15 4 7 36 52 1 5 15 4 14 . 22 Peak Tracking Total 11 | . 5 . 7 4 6 3 3 8 10 2 5 11 6 6 . 10 Tactical Retreats 34 | . . . 1 . 1 . . 6 10 . . 2 . 7 . 7 Traps | -11 -10 -10 -9 -9 -8 -7 -6 -6 -5 -4 -4 -4 -4 -4 -4 -3 ------- Run | Scr Mat Min Mat Min Mat Fac Fac Ext Fac Fac Was Fac Upp Upp Zhi Pro Traps Triggered 6 | . . . . . 1 . . 1 3 1 . . . . . . Indirectly . | . . . . . . . . . . . . . . . . . Trap Hack Attempts . | . . . . . . . . . . . . . . . . . Triggered . | . . . . . . . . . . . . . . . . . Disarmed . | . . . . . . . . . . . . . . . . . Reprogrammed . | . . . . . . . . . . . . . . . . . Reused . | . . . . . . . . . . . . . . . . . Traps Extracted . | . . . . . . . . . . . . . . . . . Installed . | . . . . . . . . . . . . . . . . . Triggered 8 | . . . . . . . . . 1 . . . . 7 . . Most Traps Carried 2 | . . 2 2 . . . . . . . . . . . . . Machines | -11 -10 -10 -9 -9 -8 -7 -6 -6 -5 -4 -4 -4 -4 -4 -4 -3 ---------- Run | Scr Mat Min Mat Min Mat Fac Fac Ext Fac Fac Was Fac Upp Upp Zhi Pro Machines Disabled 4 | . . . . . 3 . . . 1 . . . . . . . Max in Single Turn 2 | . . . . . 2 . . . 1 . . . . . . . Energy Cycler 1 | . . . . . . . . 1 . . . . . . . . Machines Sabotaged . | . . . . . . . . . . . . . . . . . Garrisons Compromised . | . . . . . . . . . . . . . . . . . Overloaded Fab Kills . | . . . . . . . . . . . . . . . . . Hacking | -11 -10 -10 -9 -9 -8 -7 -6 -6 -5 -4 -4 -4 -4 -4 -4 -3 --------- Run | Scr Mat Min Mat Min Mat Fac Fac Ext Fac Fac Was Fac Upp Upp Zhi Pro Machines Accessed 45 | . 2 . 2 2 2 5 6 7 6 2 . 1 . 1 9 . Terminals 25 | . 1 . 2 2 2 1 4 7 4 1 . 1 . . . . Fabricators 3 | . . . . . . 1 . . 1 1 . . . . . . Repair Stations 2 | . . . . . . . 2 . . . . . . . . . Recycling Units 4 | . 1 . . . . 2 . . 1 . . . . . . . Scanalyzers . | . . . . . . . . . . . . . . . . . Garrison Access 1 | . . . . . . 1 . . . . . . . . . . Total Hacks 109 | . 4 . 4 4 6 6 10 13 8 3 . 2 . 1 48 . Successful 76 | . 2 . 2 4 2 3 6 6 . . . 2 . 1 48 . Failed 33 | . 2 . 2 . 4 3 4 7 8 3 . . . . . . Catastrophic 6 | . . . 1 . 1 . 1 1 1 1 . . . . . . Database Lockouts . | . . . . . . . . . . . . . . . . . Manual 17 | . 1 . 4 . 5 . 3 . 2 1 . 1 . . . . Terminals 42 | . 1 . 4 4 6 2 5 13 4 1 . 2 . . . . Fabricators 5 | . . . . . . 1 . . 2 2 . . . . . . Repair Stations 5 | . . . . . . . 5 . . . . . . . . . Recycling Units 7 | . 3 . . . . 2 . . 2 . . . . . . . Scanalyzers . | . . . . . . . . . . . . . . . . . Garrison Access 1 | . . . . . . 1 . . . . . . . . . . Terminal Hacks 66 | . . . 1 4 2 1 1 6 . . . 2 . 1 48 . Record 40 | . . . . . 1 . . 2 . . . 1 . . 36 . Part Schematic 4 | . . . . . . . . . . . . . . . 4 . Robot Analysis 4 | . . . . . . . . . . . . . . . 4 . Prototype ID Bank 4 | . . . . . . . . . . . . . . . 4 . Open Door 4 | . . . . . . . . 3 . . . . . 1 . . Open DSF 2 | . . . . . . 1 1 . . . . . . . . . Level Access Points 1 | . . . . 1 . . . . . . . . . . . . Branch Access Points 3 | . . . 1 . 1 . . . . . . 1 . . . . Scanalyzer Index 1 | . . . . . . . . 1 . . . . . . . . Dispatch Records 1 | . . . . 1 . . . . . . . . . . . . Investigation Status 1 | . . . . 1 . . . . . . . . . . . . Zone Layout 1 | . . . . 1 . . . . . . . . . . . . Fabricator Hacks 1 | . . . . . . 1 . . . . . . . . . . Network Status 1 | . . . . . . 1 . . . . . . . . . . Repair Station Hacks 4 | . . . . . . . 4 . . . . . . . . . Scan Component 2 | . . . . . . . 2 . . . . . . . . . Repair 2 | . . . . . . . 2 . . . . . . . . . Recycling Unit Hacks 3 | . 2 . . . . 1 . . . . . . . . . . Report Inventory 2 | . 1 . . . . 1 . . . . . . . . . . Retrieve Components 1 | . 1 . . . . . . . . . . . . . . . Scanalyzer . | . . . . . . . . . . . . . . . . . Garrison Access Hacks . | . . . . . . . . . . . . . . . . . Unauthorized Hacks 2 | . . . 1 . . . 1 . . . . . . . . . Terminals 2 | . . . 1 . . . 1 . . . . . . . . . Assimilate 1 | . . . . . . . 1 . . . . . . . . . Operators 1 | . . . 1 . . . . . . . . . . . . . Fabricators . | . . . . . . . . . . . . . . . . . Repair Stations . | . . . . . . . . . . . . . . . . . Recycling Units . | . . . . . . . . . . . . . . . . . Scanalyzers . | . . . . . . . . . . . . . . . . . Garrison Access . | . . . . . . . . . . . . . . . . . Data Cores Recovered . | . . . . . . . . . . . . . . . . . Used . | . . . . . . . . . . . . . . . . . Hacking Detections 24 | . 1 . 1 1 2 4 4 4 5 2 . . . . . . Full Trace Events 1 | . . . . . . . . 1 . . . . . . . . Feedback Events . | . . . . . . . . . . . . . . . . . Feedback Blocked . | . . . . . . . . . . . . . . . . . Robot Schematics Acquired . | . . . . . . . . . . . . . . . . . Robots Built . | . . . . . . . . . . . . . . . . . Authchips . | . . . . . . . . . . . . . . . . . Time . | . . . . . . . . . . . . . . . . . Total Robot Build Rating . | . . . . . . . . . . . . . . . . . Part Schematics Acquired 4 | . . . . . . . . . . . . . . . 4 . Parts Built . | . . . . . . . . . . . . . . . . . Authchips . | . . . . . . . . . . . . . . . . . Time . | . . . . . . . . . . . . . . . . . Total Part Build Rating . | . . . . . . . . . . . . . . . . . Parts Repaired 2 | . . . . . . . 2 . . . . . . . . . Time 48 | . . . . . . . 48 . . . . . . . . . Parts Recycled . | . . . . . . . . . . . . . . . . . Recycled Matter . | . . . . . . . . . . . . . . . . . Retrieved Matter . | . . . . . . . . . . . . . . . . . Retrieved Components 1 | . 1 . . . . . . . . . . . . . . . Parts Scanalyzed . | . . . . . . . . . . . . . . . . . Part Schematics Acquired . | . . . . . . . . . . . . . . . . . Parts Damaged . | . . . . . . . . . . . . . . . . . Bothacking | -11 -10 -10 -9 -9 -8 -7 -6 -6 -5 -4 -4 -4 -4 -4 -4 -3 ------------ Run | Scr Mat Min Mat Min Mat Fac Fac Ext Fac Fac Was Fac Upp Upp Zhi Pro Used RIF Installer . | . . . . . . . . . . . . . . . . . Robots Hacked 3 | . . . . . . . . 3 . . . . . . . . Non-combat 1 | . . . . . . . . 1 . . . . . . . . Combat 2 | . . . . . . . . 2 . . . . . . . . Robot Hacks Applied 4 | . . . . . . . . 4 . . . . . . . . parse_system 2 | . . . . . . . . 2 . . . . . . . . no_distress 1 | . . . . . . . . 1 . . . . . . . . check_alert 1 | . . . . . . . . 1 . . . . . . . . Relay Couplers Released . | . . . . . . . . . . . . . . . . . Fabnet Peak Effective % . | . . . . . . . . . . . . . . . . . Robots Rewired 4 | . . . . . . . . 4 . . . . . . . . Allies Hacked . | . . . . . . . . . . . . . . . . . Hacks Repelled . | . . . . . . . . . . . . . . . . . Allies | -11 -10 -10 -9 -9 -8 -7 -6 -6 -5 -4 -4 -4 -4 -4 -4 -3 -------- Run | Scr Mat Min Mat Min Mat Fac Fac Ext Fac Fac Was Fac Upp Upp Zhi Pro Total Allies 14 | . . 3 . . . . 1 10 . . . . . . . . Largest Group 6 | . . 3 3 . . . 1 6 1 . . . . . . . Highest-Rated Group 179 | . . 40 40 . . . 26 179 159 . . . . . . . Highest-Rated Ally 159 | . . 16 16 . . . 26 159 159 . . . . . . . Total Orders . | . . . . . . . . . . . . . . . . . Ally Attacks 58 | . . . 16 . . . . 42 . . . . . . . . Total Damage 1173 | . . . 199 . . . . 974 . . . . . . . . Kills 8 | . . . 1 . . . . 7 . . . . . . . . Allies Corrupted . | . . . . . . . . . . . . . . . . . Allies Melted . | . . . . . . . . . . . . . . . . . Intel | -11 -10 -10 -9 -9 -8 -7 -6 -6 -5 -4 -4 -4 -4 -4 -4 -3 ------- Run | Scr Mat Min Mat Min Mat Fac Fac Ext Fac Fac Was Fac Upp Upp Zhi Pro Robot Analysis Total 4 | . . . . . . . . . . . . . . . 4 . Derelict Logs Recovered 2 | . . . . . . . . . . . . . 1 1 . . Drone Launches . | . . . . . . . . . . . . . . . . . Drone Recoveries . | . . . . . . . . . . . . . . . . . Exploration | -11 -10 -10 -9 -9 -8 -7 -6 -6 -5 -4 -4 -4 -4 -4 -4 -3 ------------- Run | Scr Mat Min Mat Min Mat Fac Fac Ext Fac Fac Was Fac Upp Upp Zhi Pro Turns Passed 4250 | 132 116 98 255 189 358 301 475 567 615 104 107 125 74 332 116 286 Spaces Moved 6765 | 70 81 80 181 115 335 559 782 935 1436 265 174 271 200 533 212 536 Core 1020 | 17 . . . . . . . 34 107 . . . . 114 212 536 Treads . | . . . . . . . . . . . . . . . . . Legs 695 | 53 81 80 181 115 185 . . . . . . . . . . . Wheels 52 | . . . . . . 48 . 4 . . . . . . . . Hover . | . . . . . . . . . . . . . . . . . Flight 4998 | . . . . . 150 511 782 897 1329 265 174 271 200 419 . . Fastest Speed 23 | 50 120 120 120 120 42 26 23 23 26 32 32 29 31 31 50 50 Average Speed 44 | 133 120 120 120 120 85 41 24 25 32 32 32 31 31 54 50 50 Slowest Speed 290 | 200 120 120 120 120 190 290 29 275 200 32 32 32 31 200 50 100 Overloaded Moves . | . . . . . . . . . . . . . . . . . Propulsion Burnouts . | . . . . . . . . . . . . . . . . . Robots Hopped 32 | . . . . . 1 1 5 5 9 . . 9 1 1 . . Cave-ins Triggered . | . . . . . . . . . . . . . . . . . Teleports 1 | . . . . . . . . . . . . . . . 1 . Exploration Rate (%) 32 | 4 18 19 18 18 34 15 18 51 35 8 78 10 47 65 62 60 Regions Visited 16 Branch Regions 7 Pre-discovered Areas 4 | . . . . 1 . . . . . . . . . . 3 . Known Exits Taken 11 | . . . 1 1 1 1 1 1 1 . . 1 1 1 1 . Unknown Exits Taken 3 | 1 1 1 . . . . . . . . . . . . . . Scrap Searched 9 | . . . . 1 . . . . . . . . 2 3 . 3 Spaces Dug . | . . . . . . . . . . . . . . . . . Terrain Destroyed 51 | . . . . . 24 10 . 17 . . . . . . . . Melee . | . . . . . . . . . . . . . . . . . Projectile . | . . . . . . . . . . . . . . . . . AOE 51 | . . . . . 24 10 . 17 . . . . . . . . Terrain Rammed . | . . . . . . . . . . . . . . . . . Walls Destroyed . | . . . . . . . . . . . . . . . . . Machines Disabled . | . . . . . . . . . . . . . . . . . Actions | -11 -10 -10 -9 -9 -8 -7 -6 -6 -5 -4 -4 -4 -4 -4 -4 -3 --------- Run | Scr Mat Min Mat Min Mat Fac Fac Ext Fac Fac Was Fac Upp Upp Zhi Pro Total 7735 | 93 88 82 206 140 381 606 1026 1213 1547 283 225 299 209 571 219 547 Wait 648 | 7 . . 5 6 13 7 218 193 65 12 50 34 10 22 2 4 Move 6691 | 69 80 79 180 114 332 556 771 926 1418 265 173 254 197 530 211 536 Hop 28 | . . . . . 1 1 5 3 8 . . 8 1 1 . . Pick Up 37 | 2 2 3 5 . . 5 2 9 4 2 1 . . 2 . . Fast Attach 58 | 8 . . 3 2 4 7 3 3 16 3 . 1 1 3 4 . Attach 32 | . . . . . 4 3 4 11 5 1 . 1 . 2 . 1 Detach 9 | 1 . . . . 1 2 . 1 1 . . . . 2 . 1 Swap 12 | . . . . . 4 1 4 3 . . . . . . . . Drop 36 | . . . 6 2 4 7 . 10 1 . 1 . . 5 . . Fire 99 | 6 6 . 7 15 18 17 19 6 4 . . . . 1 . . Melee 43 | . . . . . . . . 30 6 . . 1 . 3 . 3 Ram . | . . . . . . . . . . . . . . . . . Kick 1 | . . . . 1 . . . . . . . . . . . . Crush . | . . . . . . . . . . . . . . . . . Escape Stasis 37 | . . . . . . . . 18 19 . . . . . . . Rewire 4 | . . . . . . . . . . . . . . . 2 2 Trap . | . . . . . . . . . . . . . . . . . Miscellaneous . | . . . . . . . . . . . . . . . . . Route ------- -11/Scrapyard -10/Materials -10/Mines -9/Materials (discovered 3 exits: *Min / Sto x2) -9/Mines (discovered 2 exits: *Mat x2) -8/Materials -7/Factory -6/Factory -6/Extension -5/Factory -4/Factory -4/Waste -4/Factory (discovered 2 exits: *Upp x2) -4/Upper Caves -4/Upper Caves (discovered 2 exits: *Res / *Zhi) -4/Zhirov -3/Proximity Caves History --------- Turn | Location | Event 18 | -11/Scrapyard | Discovered new exit (range 15) 133 | -11/Scrapyard | Entered Materials 168 | -10/Materials | Discovered new exit (range 15) 249 | -10/Materials | Entered Mines 265 | -10/Mines | Assisted by bots powering up and referring to "LRC-V3" 272 | -10/Mines | Assembled infested the area 316 | -10/Mines | Build established: Mutant 328 | -10/Mines | Found a hidden stash of uninstalled traps 342 | -10/Mines | Discovered new exit (range 5) 347 | -10/Mines | Entered Materials 347 | -9/Materials | Accompanied by 3 allies 347 | -9/Materials | Evolved 2 slots: Propulsion x2 473 | -9/Materials | Identified exit to Mines 473 | -9/Materials | Identified exit to Storage 602 | -9/Materials | Entered Mines 603 | -9/Mines | Learned location of Storage (-9) 686 | -9/Mines | Discovered new exit (range 10) 692 | -9/Mines | Identified exit to Materials 727 | -9/Mines | Build established: Scavenger-Mutant 791 | -9/Mines | Entered Materials 791 | -8/Materials | Evolved 2 slots: Utility x2 1147 | -8/Materials | Discovered new exit (range 5) 1149 | -8/Materials | Identified exit to Factory 1149 | -8/Materials | Entered Factory 1149 | -7/Factory | Evolved 2 slots: Utility x2 1151 | -7/Factory | Identified exit to DSF 1331 | -7/Factory | Lost 3 parts (2n1w) 1436 | -7/Factory | Discovered new exit (range 10) 1439 | -7/Factory | Identified exit to Factory 1450 | -7/Factory | Entered another Factory area 1450 | -6/Factory | Evolved 2 slots: Propulsion x1, Utility x1 1546 | -6/Factory | Repaired VTOL Module 1661 | -6/Factory | Lost 4 parts (1p1n2w) 1814 | -6/Factory | Repaired VTOL Module 1851 | -6/Factory | Discovered new exit (range 14) 1896 | -6/Factory | Identified exit to Extension 1925 | -6/Factory | Entered Extension 1937 | -6/Extension | Build established: Scavenger-Sprinter 2023 | -6/Extension | Spotted B-75 Beast 2157 | -6/Extension | Rescued a captive Derelict 2158 | -6/Extension | Rescued a captive Derelict 2196 | -6/Extension | Rescued a captive Derelict 2197 | -6/Extension | Rescued a captive Derelict 2246 | -6/Extension | Rescued a captive Derelict 2261 | -6/Extension | Lost 3 parts (1p2n) 2411 | -6/Extension | Energy Cycler disabled 2411 | -6/Extension | Rescued a captive Derelict 2411 | -6/Extension | Rescued a captive Derelict 2411 | -6/Extension | Rescued a captive Derelict 2413 | -6/Extension | Rescued a captive Derelict 2422 | -6/Extension | Rescued a captive Derelict 2428 | -6/Extension | Rescued a captive Derelict 2449 | -6/Extension | Lost 5 parts (4n1w) 2471 | -6/Extension | Core integrity fell below 50% 2479 | -6/Extension | Spotted B-75 Beast 2481 | -6/Extension | Rescued A7 2481 | -6/Extension | Discovered new exit (range 12) 2485 | -6/Extension | Identified exit to Factory 2492 | -6/Extension | Entered Factory 2492 | -5/Factory | Accompanied by 1 ally (A7) 2492 | -5/Factory | Evolved 2 slots: Propulsion x1, Utility x1 2498 | -5/Factory | Lost 5 parts (5n) 2792 | -5/Factory | Search patrols dispatched 2797 | -5/Factory | Lost 7 parts (3n2u2w) 3047 | -5/Factory | Build established: Sprinter 3085 | -5/Factory | Lost 4 parts (1p2n1w) 3092 | -5/Factory | Search patrols dispatched 3095 | -5/Factory | Core integrity fell below 50% 3105 | -5/Factory | Discovered new exit (range 4) 3106 | -5/Factory | Identified exit to Factory 3107 | -5/Factory | Entered another Factory area 3107 | -4/Factory | Evolved 2 slots: Utility x2 3211 | -4/Factory | Sucked down chute 3211 | -4/Factory | Entered Waste 3226 | -4/Waste | EMP discharged 3232 | -4/Waste | Spotted C-40 Crusher 3237 | -4/Waste | Spotted C-40 Crusher 3271 | -4/Waste | Spotted C-40 Crusher 3291 | -4/Waste | Spotted C-40 Crusher 3294 | -4/Waste | Spotted C-40 Crusher 3315 | -4/Waste | Discovered new exit (range 11) 3318 | -4/Waste | Identified exit to Factory 3318 | -4/Waste | Entered Factory 3368 | -4/Factory | Build established: Hacker-Sprinter 3393 | -4/Factory | Identified exit to Upper Caves 3396 | -4/Factory | Spotted B-86 Titan 3443 | -4/Factory | Entered Upper Caves 3444 | -4/Upper Caves | Encountered a Warlord checkpoint 3471 | -4/Upper Caves | Lost 3 parts (1p1n1u) 3514 | -4/Upper Caves | Discovered new exit (range 10) 3516 | -4/Upper Caves | Attracted the attention of an 0b10 checkpoint 3516 | -4/Upper Caves | Identified exit to Upper Caves 3517 | -4/Upper Caves | Entered another Upper Caves area 3547 | -4/Upper Caves | Attracted the attention of an 0b10 checkpoint 3555 | -4/Upper Caves | Encountered a Warlord checkpoint 3641 | -4/Upper Caves | Learned Research trap positions 3658 | -4/Upper Caves | Discovered new exit (range 10) 3662 | -4/Upper Caves | Identified exit to Research 3843 | -4/Upper Caves | Discovered new exit (range 13) 3849 | -4/Upper Caves | Identified exit to Zhirov 3849 | -4/Upper Caves | Entered Zhirov 3849 | -4/Zhirov | Discovered new exit (range 3) 3851 | -4/Zhirov | Identified exit to Proximity Caves 3859 | -4/Zhirov | Met Zhirov 3870 | -4/Zhirov | Learned location of Quarantine (-2) 3870 | -4/Zhirov | Learned location of Testing (-3) 3870 | -4/Zhirov | Learned location of Command (-1) 3881 | -4/Zhirov | Zhirov requested help retrieving the SGEMP Prototype 3889 | -4/Zhirov | Found Alien Artifact 3889 | -4/Zhirov | Identified Transdimensional Reconstructor 3889 | -4/Zhirov | Warped through subspace 3890 | -4/Zhirov | Core integrity fell below 50% 3912 | -4/Zhirov | Found Alien Artifact 3912 | -4/Zhirov | Identified Integrated Dissipator 3912 | -4/Zhirov | Installed Integrated Dissipator, increased core heat dissipation (+20) 3965 | -4/Zhirov | Entered Proximity Caves 4128 | -3/Proximity Caves | Attracted the attention of an 0b10 base 4173 | -3/Proximity Caves | Core integrity fell below 20% 4203 | -3/Proximity Caves | Lost 3 parts (3u) 4251 | -3/Proximity Caves | Destroyed by S-43 Plague with Heavy Machine Gun Last Messages --------------- 04174_ Hvy. Machine Gun fries itself beyond repair. 04197_ X0/S8HN=IFZVM9<77L=%ZDOF8OXZORK|RPP 04200_ Searching scrap... 04200_ Found Imp. Kinecellerator. 04200_ Found 35 Matter. 04210_ Searching scrap... 04210_ Found Adv. Field Recycling Unit. 04210_ Found Phasing Sabre. 04210_ Found Mak. Transmission Jammer. 04210_ Found Imp. Reaction Control System. 04210_ Found 27 Matter. 04223_ Searching scrap... 04223_ Found Mak. Sensor Array. 04223_ Found 29 Matter. 04223_ Found 18 Matter. 04223_ Acquired 29 matter. 04229_ Attempting to rewire JW-DPU(F). 04229_ JW-DPU(F) is broken beyond repair. 04230_ Attempting to rewire TU-V02(F). 04230_ TU-V02(F) is broken beyond repair. Map ----- +----------------------------------------------------+ | ?????????????????????????????????????????????????? | | ?????????????????????????????????????????????????? | | ?????????????????????????????????????????????????? | | ?????????????????????????????????????????????????? | | ?????????????????????????????????????????????????? | | ????????????????????????#####????????????????????? | | ???????????????????????## ##???????????????????? | | ???????????????????????# #???????????????????? | | ????????????????????????# ????????????????????? | | ????????????????????????# ##????????????????????? | | ????????????????????????## #????????????????????? | | ???????????????????????## # ##???#####???????????? | | ?????????????????????### ##### #??###??????? | | ?????????????????????# ### ##?????? | | ????????????????###??## ## #?????? | | ????????????????# ##?# ######## #????? | | ???????????###### ### #??????#### ##????? | | ???????????# ## #?????????## ###?????? | | ???????????# """" !% #??????????# #??????? | | ???????????# """" #??????????### #??????? | | ???????????# """" s#####???????????## #??????? | | ???????????# ###??????????# #??????? | | ???????????###### #?????????? #??????? | | ????????????????# #????????? #?????? | | ????????????????## ###????????? ##????? # | | ?????????????????## ###@#??????????? ##????# | | ??????????????????## ##?# #??????????# #???? # | | ???????????????????# #### #????#??### ????? # | | ???????????????????# ## ???? ?## ? ????# | | ???????????????????### ####???# ## ??#???# # | | ?????????????????????# #??????# ## #?????## | | ?????????????????????# #??????# ## ####### # | | ?????????????????##### #??????# ### # | | ??????????######## ##?????# #?# # | | ??????????#!%! ##????# #?# ### | | ?????????# /! #????# #?# ### # | | ????????# # ###### ### ## #### | | ????????# # # ### % # # #?? | | ????????# ## # #?# ####### ! ### ##?? | | ????????## ## #?# #?????# ## ### ##? | | ?????????#####?## ##?# ???? ## # ## | | ????????????????####??###???### # # | | ?????????????????????????????? ##### # # | | ????????????????????????????? ##???# # ## | | ???????????????????????????? ##????## # ### | | ??????????????????????????? #???????### ### | | ?????????????????????????? #??????????###### | | ????########????????????? #?????????????## ## | | ???## ## #????######?? #??????????????# # ##? | | ??## ##?## # ? #??####?????????# ##?? | +----------------------------------------------------+ Best States ------------- Heat Dissipation 63 Energy Generation 31 Energy Capacity 310 Matter Stores 300 Matter Capacity 300 Sight Range 16 Robot Scan Range 16 Terrain Scan Range 16 Terrain Scan Density 510 Jamming Range 14 Power Amplification 30 Core Shielding 40 Evasion (%) 65 Melee Accuracy 8 Core Analysis 6 Defensive Hacking 24 Authchip Count 1 Item Schematics ----------------- Assault Drone Bay | -4/Zhirov | Free Exp. Heat Sink | -4/Zhirov | Free Exp. Optical Array | -4/Zhirov | Free Imp. Arc Thrower | -4/Zhirov | Free Robot Schematics ------------------ None Fabricated ------------ Nothing Alien Tech Used ----------------- Transdimensional Reconstructor Integrated Dissipator Achievements -------------- Prison Break Challenges ------------ None Game ------ Seed SurgeAdvancedMultirail Manual? 0 Play Time 01:19:31 Cumulative 29.2 hours Start 2022.09.19 @ 09:15:16 End 2022.09.19 @ 10:32:54 Sessions 1 Manual Loads 0 Difficulty Rogue Special Mode None Game No. 42 Rogue 41 Adventurer 1 Explorer 0 Win Type - Total 1 Types 1/0/0/0/0/0/0/0/0 Lore% 32 Gallery% 35 Achievement% 31 Wizard Run 0 Options --------- ASCII 0 Keyboard 0 Movement Numpad Keybinds 0 Fullscreen 1 Font 18/SmallcapsGlow Map View 76x50 Tactical HUD 1 Map Filters NONE Filters NONE Steam 1 RUN: af599efa-0b69-4fe5-a167-1726ca2f6f7c